[ AOE2 MATCH · #463406103 ]
UnrankedTeutons vs Gurjaras
[ REPLAY ANALYSIS · EXTRACTED FROM THE RECORDED GAME ]
Feudal
11:53
Castle
21:26
Imperial
35:32
| APM avg | 25.7 |
| APM peak | 82 |
| eAPM avg | 20.0 |
| Villagers / military | 289 / 908 |
Focus
⚔️ 38.8% · 🌾 61.2%
Knight ×530 · Teutonic Knight ×179 · Scorpion ×112 · Trade Cart ×96 · Bombard Cannon ×57 · Mangonel ×30
Feudal
10:31
Castle
16:32
Imperial
31:10
| APM avg | 23.0 |
| APM peak | 80 |
| eAPM avg | 20.6 |
| Villagers / military | 247 / 832 |
Focus
⚔️ 30.6% · 🌾 69.4%
Knight ×470 · War Elephant ×221 · Trade Cart ×127 · Battering Ram ×85 · Mangonel ×40 · Scorpion ×15
Feudal
12:12
Castle
16:07
Imperial
36:19
| APM avg | 50.0 |
| APM peak | 155 |
| eAPM avg | 47.1 |
| Villagers / military | 334 / 1198 |
Focus
⚔️ 49.0% · 🌾 51.0%
Knight ×1159 · Trade Cart ×158 · Trebuchet (Packed) ×37 · Mangonel ×2
Feudal
12:31
Castle
16:26
Imperial
33:35
| APM avg | 26.6 |
| APM peak | 55 |
| eAPM avg | 23.4 |
| Villagers / military | 273 / 1275 |
Focus
⚔️ 39.2% · 🌾 60.8%
Battle Elephant ×883 · Elephant Archer ×324 · Trade Cart ×132 · Armored Elephant ×55 · Monk ×6 · Mangonel ×6
Feudal
—
Castle
—
Imperial
—
| APM avg | 1084.3 |
| APM peak | 6125 |
| eAPM avg | 1083.2 |
| Villagers / military | 0 / 1070 |
Focus
⚔️ 33.6% · 🌾 66.4%
Camel Scout ×460 · Chakram Thrower ×378 · Scout Cavalry ×153 · Bombard Cannon ×57 · Monk ×13 · Trebuchet (Packed) ×9
Feudal
—
Castle
—
Imperial
—
| APM avg | 1168.6 |
| APM peak | 3680 |
| eAPM avg | 1167.8 |
| Villagers / military | 0 / 1212 |
Focus
⚔️ 56.7% · 🌾 43.3%
Magyar Huszar ×309 · Spearman ×307 · Knight ×280 · Cavalry Archer ×187 · Skirmisher ×77 · Battering Ram ×37
Feudal
—
Castle
—
Imperial
—
| APM avg | 904.3 |
| APM peak | 3587 |
| eAPM avg | 903.1 |
| Villagers / military | 0 / 1529 |
Focus
⚔️ 53.3% · 🌾 46.7%
Militia ×380 · Spearman ×253 · Arambai ×237 · Battle Elephant ×209 · Elite Battle Elephant ×207 · Scout Cavalry ×134
Feudal
—
Castle
—
Imperial
—
| APM avg | 1114.4 |
| APM peak | 7182 |
| eAPM avg | 1112.9 |
| Villagers / military | 0 / 906 |
Focus
⚔️ 48.1% · 🌾 51.9%
Organ Gun ×317 · Spearman ×255 · Scout Cavalry ×129 · Skirmisher ×108 · Battering Ram ×33 · Bombard Cannon ×32
Match map
Initial resources + every placement click. Lines = walls · curves = elevation contours. ◆ gold · ⬟ stone · ● berries · ✦ relic · ◌ wall gap
Inputs per minute
— Bad_Bull_Dad - - 轻型投石车
Build order — Bad_Bull_Dad
First 150 of 830 actions detected
| 0:04 | Create | Villager (Male) ×4 |
| 0:04 | Create | Villager (Male) ×4 |
| 0:04 | Create | Villager (Male) ×4 |
| 0:07 | Build | House |
| 0:08 | Build | House |
| 0:54 | Research | Loom |
| 1:32 | Build | Palisade Wall |
| 1:47 | Create | Villager (Male) |
| 1:47 | Create | Villager (Male) |
| 2:16 | Create | Villager (Male) |
| 2:41 | Create | Villager (Male) |
| 3:05 | Create | Villager (Male) |
| 3:05 | Create | Villager (Male) |
| 3:05 | Create | Villager (Male) |
| 3:27 | Create | Villager (Male) |
| 3:27 | Create | Villager (Male) |
| 3:46 | Create | Villager (Male) |
| 3:56 | Build | Lumber Camp |
| 4:02 | Create | Villager (Male) |
| 4:49 | Create | Villager (Male) |
| 4:50 | Create | Villager (Male) |
| 4:50 | Create | Villager (Male) |
| 4:50 | Create | Villager (Male) |
| 5:51 | Build | Palisade Wall |
| 6:21 | Create | Villager (Male) |
| 6:21 | Create | Villager (Male) |
| 6:21 | Create | Villager (Male) |
| 6:21 | Create | Villager (Male) |
| 6:22 | Create | Villager (Male) |
| 6:22 | Create | Villager (Male) |
| 6:22 | Create | Villager (Male) |
| 6:51 | Create | Villager (Male) |
| 6:51 | Create | Villager (Male) |
| 6:51 | Create | Villager (Male) |
| 6:51 | Create | Villager (Male) |
| 7:08 | Build | Palisade Wall |
| 8:15 | Build | Mill |
| 8:29 | Build | Palisade Wall |
| 8:31 | Build | Palisade Wall |
| 8:53 | Create | Villager (Male) |
| 8:54 | Create | Villager (Male) |
| 9:32 | Build | Mining Camp |
| 9:43 | Research | Feudal Age |
| 9:50 | Build | Mill |
| 10:47 | Build | Palisade Wall |
| 10:49 | Build | Palisade Wall |
| 10:49 | Build | Palisade Wall |
| 11:10 | Create | Villager (Male) |
| 11:10 | Create | Villager (Male) |
| 11:10 | Create | Villager (Male) |
| 11:10 | Create | Villager (Male) |
| 11:53 | Age | Feudal Age |
| 12:01 | Research | Double-Bit Axe |
| 12:11 | Build | Stone Wall |
| 12:35 | Create | Villager (Male) |
| 12:36 | Create | Villager (Male) |
| 12:58 | Build | Mining Camp |
| 13:45 | Create | Villager (Male) |
| 14:07 | Create | Villager (Male) |
| 14:08 | Create | Villager (Male) |
| 14:08 | Create | Villager (Male) |
| 14:12 | Research | Horse Collar |
| 14:36 | Create | Villager (Male) |
| 14:37 | Create | Villager (Male) |
| 14:37 | Create | Villager (Male) |
| 14:59 | Build | Stone Wall |
| 15:07 | Build | Stone Wall |
| 15:14 | Build | Stone Wall |
| 15:32 | Build | Blacksmith |
| 15:46 | Create | Villager (Male) |
| 16:04 | Build | Farm |
| 16:04 | Build | Farm |
| 16:05 | Build | Farm |
| 16:05 | Build | Farm |
| 16:05 | Build | Farm |
| 16:05 | Build | Farm |
| 16:06 | Build | Farm |
| 16:06 | Build | Farm |
| 16:07 | Build | Farm |
| 16:07 | Build | Farm |
| 16:08 | Build | Farm |
| 16:08 | Build | Farm |
| 16:12 | Build | Farm |
| 16:12 | Build | Farm |
| 16:12 | Build | Farm |
| 16:13 | Build | Farm |
| 16:14 | Build | Farm |
| 16:30 | Build | Market |
| 16:43 | Build | Stone Wall |
| 17:03 | Build | Farm |
| 17:03 | Build | Farm |
| 17:03 | Build | Farm |
| 17:04 | Build | Farm |
| 17:04 | Build | Farm |
| 17:05 | Build | Farm |
| 17:05 | Build | Farm |
| 17:05 | Build | Farm |
| 17:06 | Build | Farm |
| 17:06 | Build | Farm |
| 18:27 | Create | Trade Cart |
| 18:27 | Create | Trade Cart |
| 18:46 | Research | Castle Age |
| 18:59 | Build | Stone Wall |
| 19:05 | Build | Mining Camp |
| 19:14 | Research | Gold Mining |
| 19:24 | Create | Trade Cart |
| 19:35 | Build | Lumber Camp |
| 20:40 | Create | Villager (Male) |
| 20:40 | Create | Villager (Male) |
| 20:41 | Create | Villager (Male) |
| 20:41 | Create | Villager (Male) |
| 20:41 | Create | Villager (Male) |
| 20:41 | Create | Villager (Male) |
| 20:41 | Create | Villager (Male) |
| 20:56 | Build | Stone Wall |
| 21:26 | Age | Castle Age |
| 21:30 | Build | Town Center |
| 21:42 | Build | Town Center |
| 22:01 | Build | Town Center |
| 22:24 | Build | University |
| 22:53 | Research | Heavy Plow |
| 23:06 | Create | Villager (Male) |
| 23:06 | Create | Villager (Male) |
| 23:06 | Create | Villager (Male) |
| 23:06 | Create | Villager (Male) |
| 23:07 | Create | Villager (Male) |
| 23:21 | Create | Villager (Male) |
| 23:21 | Create | Villager (Male) |
| 23:22 | Create | Villager (Male) |
| 23:22 | Create | Villager (Male) |
| 23:22 | Create | Villager (Male) |
| 23:37 | Build | Farm |
| 23:40 | Build | Farm |
| 23:42 | Build | Farm |
| 23:51 | Create | Villager (Male) |
| 23:51 | Create | Villager (Male) |
| 23:51 | Create | Villager (Male) |
| 23:52 | Create | Villager (Male) |
| 23:59 | Build | Stone Wall |
| 24:21 | Build | Stone Wall |
| 24:38 | Research | Fortified Wall (upgrade) |
| 24:42 | Research | Wheelbarrow |
| 24:52 | Build | Farm |
| 24:53 | Build | Farm |
| 24:54 | Build | Farm |
| 24:55 | Build | Farm |
| 25:04 | Create | Villager (Male) |
| 25:04 | Create | Villager (Male) |
| 25:05 | Create | Villager (Male) |
| 25:05 | Create | Villager (Male) |
Build order — 轻型投石车
First 150 of 622 actions detected
| 0:01 | Create | Villager (Male) |
| 0:01 | Create | Villager (Male) |
| 0:03 | Build | House |
| 0:04 | Build | House |
| 0:05 | Create | Villager (Male) |
| 0:05 | Create | Villager (Male) |
| 0:05 | Create | Villager (Male) |
| 0:17 | Research | Loom |
| 0:18 | Create | Villager (Male) |
| 0:18 | Create | Villager (Male) |
| 1:36 | Create | Villager (Male) |
| 1:47 | Build | Palisade Wall |
| 2:02 | Create | Villager (Male) |
| 2:02 | Create | Villager (Male) |
| 2:23 | Create | Villager (Male) |
| 2:23 | Create | Villager (Male) |
| 2:54 | Build | Lumber Camp |
| 3:32 | Create | Villager (Male) |
| 3:32 | Create | Villager (Male) |
| 3:32 | Create | Villager (Male) |
| 4:18 | Create | Villager (Male) |
| 4:18 | Create | Villager (Male) |
| 4:18 | Create | Villager (Male) |
| 4:42 | Build | Mill |
| 4:43 | Create | Villager (Male) |
| 4:44 | Create | Villager (Male) |
| 4:58 | Build | Palisade Wall |
| 5:02 | Build | Palisade Wall |
| 5:05 | Build | Palisade Wall |
| 5:41 | Create | Villager (Male) |
| 5:41 | Create | Villager (Male) |
| 5:41 | Create | Villager (Male) |
| 5:53 | Create | Villager (Male) |
| 6:29 | Build | Mining Camp |
| 6:31 | Create | Villager (Male) |
| 6:52 | Create | Villager (Male) |
| 7:25 | Create | Villager (Male) |
| 7:57 | Create | Villager (Male) |
| 8:16 | Build | Palisade Wall |
| 8:27 | Research | Feudal Age |
| 9:38 | Build | Palisade Wall |
| 9:46 | Create | Villager (Male) |
| 10:00 | Build | Mill |
| 10:31 | Age | Feudal Age |
| 10:33 | Create | Villager (Male) |
| 10:41 | Research | Horse Collar |
| 10:44 | Research | Double-Bit Axe |
| 10:54 | Build | Stone Wall |
| 10:55 | Create | Villager (Male) |
| 11:01 | Build | Farm |
| 11:04 | Build | Farm |
| 11:06 | Build | Farm |
| 11:09 | Build | Farm |
| 11:11 | Build | Farm |
| 11:12 | Create | Villager (Male) |
| 11:26 | Build | Farm |
| 11:27 | Create | Villager (Male) |
| 11:37 | Build | Market |
| 11:45 | Create | Villager (Male) |
| 12:05 | Create | Villager (Male) |
| 12:28 | Build | Stone Wall |
| 12:34 | Build | Blacksmith |
| 13:06 | Create | Villager (Male) |
| 13:18 | Build | Farm |
| 13:39 | Create | Villager (Male) |
| 13:45 | Build | Farm |
| 13:51 | Build | Stone Wall |
| 14:07 | Research | Castle Age |
| 14:07 | Research | Castle Age |
| 14:33 | Build | Lumber Camp |
| 14:51 | Research | Stone Mining |
| 15:22 | Research | Wheelbarrow |
| 15:26 | Build | Stone Wall |
| 15:51 | Create | Villager (Male) |
| 16:32 | Age | Castle Age |
| 16:38 | Build | Town Center |
| 16:40 | Create | Villager (Male) |
| 16:48 | Build | Town Center |
| 16:56 | Research | Bow Saw |
| 16:59 | Research | Heavy Plow |
| 17:07 | Build | Stone Wall |
| 17:52 | Build | Farm |
| 17:52 | Build | Farm |
| 17:53 | Build | Farm |
| 17:53 | Build | Farm |
| 17:54 | Build | Farm |
| 17:56 | Build | Farm |
| 18:03 | Create | Villager (Male) |
| 18:18 | Create | Villager (Male) |
| 18:18 | Create | Villager (Male) |
| 18:22 | Create | Villager (Male) |
| 18:23 | Create | Villager (Male) |
| 18:28 | Create | Villager (Male) |
| 18:39 | Build | Farm |
| 18:39 | Build | Farm |
| 18:42 | Create | Villager (Male) ×2 |
| 18:47 | Build | Stone Wall |
| 18:59 | Create | Villager (Male) |
| 19:18 | Build | Town Center |
| 19:21 | Create | Villager (Male) ×3 |
| 19:28 | Build | Farm |
| 19:28 | Build | Farm |
| 19:37 | Create | Villager (Male) ×3 |
| 19:42 | Build | Farm |
| 19:49 | Build | Farm |
| 19:49 | Build | Farm |
| 19:50 | Build | Farm |
| 19:51 | Build | Farm |
| 19:57 | Build | Farm |
| 19:59 | Create | Villager (Male) ×4 |
| 20:08 | Build | Stone Wall |
| 20:17 | Create | Villager (Male) |
| 20:28 | Create | Villager (Male) ×2 |
| 20:39 | Create | Villager (Male) ×2 |
| 20:54 | Create | Villager (Male) |
| 21:00 | Create | Villager (Male) ×4 |
| 21:04 | Build | Farm |
| 21:05 | Build | Farm |
| 21:05 | Build | Farm |
| 21:09 | Build | Farm |
| 21:10 | Build | Farm |
| 21:11 | Build | Farm |
| 21:13 | Build | Farm |
| 21:15 | Create | Villager (Male) ×3 |
| 21:28 | Create | Villager (Male) ×2 |
| 21:35 | Build | Stone Wall |
| 21:44 | Create | Villager (Male) ×3 |
| 21:50 | Build | Town Center |
| 21:56 | Create | Villager (Male) ×2 |
| 22:06 | Create | Villager (Male) ×2 |
| 22:12 | Build | University |
| 22:16 | Create | Villager (Male) ×5 |
| 22:30 | Build | Mining Camp |
| 22:31 | Create | Villager (Male) ×3 |
| 22:43 | Build | Stone Wall |
| 22:45 | Create | Villager (Male) ×2 |
| 22:58 | Research | Fortified Wall (upgrade) |
| 23:00 | Create | Villager (Male) |
| 23:08 | Build | Farm |
| 23:08 | Build | Farm |
| 23:09 | Build | Farm |
| 23:09 | Build | Farm |
| 23:10 | Build | Farm |
| 23:12 | Create | Villager (Male) ×2 |
| 23:25 | Build | Farm |
| 23:32 | Build | Mill |
| 23:33 | Build | Farm |
| 23:33 | Build | Farm |
| 23:34 | Build | Farm |
| 23:34 | Build | Farm |
Build order — Dracarys
First 150 of 1975 actions detected
| 0:02 | Create | Villager (Male) |
| 0:02 | Create | Villager (Male) |
| 0:03 | Create | Villager (Male) |
| 0:03 | Create | Villager (Male) |
| 0:04 | Build | House |
| 0:07 | Build | House |
| 1:33 | Create | Villager (Male) |
| 1:35 | Research | Loom |
| 1:53 | Create | Villager (Male) |
| 2:18 | Create | Villager (Male) |
| 2:55 | Create | Villager (Male) |
| 3:17 | Build | Palisade Wall |
| 3:19 | Build | Palisade Wall |
| 3:20 | Build | Palisade Wall |
| 3:29 | Create | Villager (Male) |
| 3:30 | Create | Villager (Male) |
| 3:30 | Create | Villager (Male) |
| 4:03 | Create | Villager (Male) |
| 4:18 | Build | Lumber Camp |
| 4:28 | Create | Villager (Male) |
| 4:53 | Create | Villager (Male) |
| 5:22 | Build | Mining Camp |
| 5:26 | Create | Villager (Male) |
| 5:47 | Create | Villager (Male) |
| 6:03 | Create | Villager (Male) |
| 6:15 | Create | Villager (Male) |
| 6:43 | Create | Villager (Male) |
| 7:10 | Create | Villager (Male) |
| 7:59 | Create | Villager (Male) |
| 8:07 | Create | Villager (Male) |
| 8:33 | Build | Mining Camp |
| 8:49 | Create | Villager (Male) |
| 9:03 | Build | Mill |
| 9:14 | Create | Villager (Male) |
| 9:43 | Research | Feudal Age |
| 11:59 | Create | Villager (Male) |
| 11:59 | Create | Villager (Male) |
| 12:12 | Age | Feudal Age |
| 12:19 | Build | Market |
| 12:26 | Build | Blacksmith |
| 12:34 | Build | Stone Wall |
| 12:37 | Build | Stone Wall |
| 12:39 | Build | Stone Wall |
| 12:40 | Build | Stone Wall |
| 13:27 | Research | Castle Age |
| 14:02 | Build | Farm |
| 14:02 | Build | Farm |
| 14:02 | Build | Farm |
| 14:03 | Build | Farm |
| 14:04 | Build | Farm |
| 14:04 | Build | Farm |
| 14:13 | Create | Villager (Male) |
| 14:15 | Create | Villager (Male) |
| 14:46 | Build | Stone Wall |
| 14:48 | Build | Stone Wall |
| 14:50 | Build | Stone Wall |
| 16:07 | Age | Castle Age |
| 16:09 | Build | Town Center |
| 16:24 | Create | Villager (Male) |
| 16:29 | Research | Double-Bit Axe |
| 16:31 | Research | Horse Collar |
| 16:38 | Build | Farm |
| 16:38 | Build | Farm |
| 16:38 | Build | Farm |
| 16:39 | Build | Farm |
| 16:39 | Build | Farm |
| 16:41 | Build | Farm |
| 16:56 | Build | Farm |
| 16:56 | Build | Farm |
| 16:59 | Create | Villager (Male) |
| 17:09 | Create | Villager (Male) |
| 17:09 | Create | Villager (Male) |
| 17:11 | Create | Villager (Male) |
| 17:42 | Build | Town Center |
| 17:46 | Create | Villager (Male) |
| 17:54 | Create | Villager (Male) |
| 18:07 | Build | Stone Wall |
| 18:09 | Build | Stone Wall |
| 18:11 | Build | Stone Wall |
| 18:12 | Build | Stone Wall |
| 18:17 | Create | Villager (Male) |
| 18:17 | Create | Villager (Male) |
| 18:29 | Build | Farm |
| 18:29 | Build | Farm |
| 18:36 | Build | Farm |
| 18:38 | Create | Villager (Male) |
| 18:38 | Create | Villager (Male) |
| 18:39 | Create | Villager (Male) |
| 18:51 | Create | Villager (Male) |
| 19:06 | Build | Farm |
| 19:07 | Build | Farm |
| 19:08 | Create | Villager (Male) |
| 19:17 | Create | Villager (Male) |
| 19:17 | Create | Villager (Male) |
| 19:36 | Create | Villager (Male) |
| 19:44 | Create | Villager (Male) |
| 19:45 | Create | Villager (Male) |
| 19:45 | Create | Villager (Male) |
| 19:54 | Build | Town Center |
| 19:56 | Create | Villager (Male) |
| 19:56 | Create | Villager (Male) |
| 20:16 | Create | Villager (Male) |
| 20:17 | Create | Villager (Male) |
| 20:17 | Create | Villager (Male) |
| 20:18 | Create | Villager (Male) |
| 20:32 | Build | University |
| 20:35 | Create | Villager (Male) |
| 20:35 | Create | Villager (Male) |
| 20:41 | Create | Villager (Male) |
| 20:42 | Create | Villager (Male) |
| 20:53 | Create | Villager (Male) |
| 20:54 | Create | Villager (Male) |
| 20:54 | Create | Villager (Male) |
| 21:10 | Build | Siege Workshop |
| 21:14 | Create | Villager (Male) |
| 21:14 | Create | Villager (Male) |
| 21:14 | Create | Villager (Male) |
| 21:25 | Build | Stone Wall |
| 21:33 | Create | Villager (Male) |
| 21:34 | Create | Villager (Male) |
| 21:34 | Create | Villager (Male) |
| 21:41 | Build | Farm |
| 21:41 | Build | Farm |
| 21:41 | Build | Farm |
| 21:42 | Build | Farm |
| 21:42 | Build | Farm |
| 21:42 | Build | Farm |
| 21:45 | Create | Villager (Male) |
| 21:45 | Create | Villager (Male) |
| 22:00 | Create | Villager (Male) |
| 22:01 | Create | Villager (Male) |
| 22:01 | Create | Villager (Male) |
| 22:05 | Create | Villager (Male) |
| 22:10 | Build | Farm |
| 22:10 | Build | Farm |
| 22:11 | Build | Farm |
| 22:13 | Create | Villager (Male) |
| 22:14 | Create | Villager (Male) |
| 22:19 | Create | Mangonel |
| 22:27 | Build | House |
| 22:28 | Build | House |
| 22:29 | Build | House |
| 22:33 | Create | Villager (Male) |
| 22:33 | Create | Villager (Male) |
| 22:34 | Create | Villager (Male) |
| 22:40 | Create | Villager (Male) |
| 22:41 | Create | Villager (Male) |
| 22:52 | Create | Villager (Male) |
| 22:52 | Create | Villager (Male) |
| 22:52 | Create | Villager (Male) |
Build order — Dracarys_
First 150 of 979 actions detected
| 0:01 | Create | Villager (Male) |
| 0:01 | Create | Villager (Male) |
| 0:04 | Build | House |
| 0:05 | Build | House |
| 0:13 | Research | Loom |
| 0:13 | Create | Villager (Male) |
| 0:13 | Create | Villager (Male) |
| 0:14 | Create | Villager (Male) |
| 1:09 | Build | Lumber Camp |
| 2:07 | Create | Villager (Male) |
| 2:08 | Create | Villager (Male) |
| 2:39 | Create | Villager (Male) |
| 2:39 | Create | Villager (Male) |
| 2:54 | Build | Palisade Wall |
| 2:55 | Build | Palisade Wall |
| 3:07 | Create | Villager (Male) |
| 3:07 | Create | Villager (Male) |
| 3:07 | Create | Villager (Male) |
| 3:41 | Create | Villager (Male) |
| 3:41 | Create | Villager (Male) |
| 3:42 | Create | Villager (Male) |
| 4:18 | Create | Villager (Male) |
| 4:46 | Create | Villager (Male) |
| 5:03 | Create | Villager (Male) |
| 5:26 | Create | Villager (Male) |
| 5:59 | Create | Villager (Male) |
| 5:59 | Create | Villager (Male) |
| 6:30 | Create | Villager (Male) |
| 6:31 | Create | Villager (Male) |
| 6:40 | Build | Palisade Wall |
| 6:42 | Build | Palisade Wall |
| 6:44 | Build | Palisade Wall |
| 6:57 | Create | Villager (Male) |
| 7:36 | Create | Villager (Male) |
| 7:56 | Build | Mill |
| 8:05 | Create | Villager (Male) |
| 8:06 | Create | Villager (Male) |
| 8:36 | Build | Palisade Wall |
| 8:38 | Build | Palisade Wall |
| 8:45 | Create | Villager (Male) |
| 8:45 | Create | Villager (Male) |
| 9:07 | Build | Mill |
| 9:53 | Create | Villager (Male) |
| 10:17 | Research | Feudal Age |
| 10:17 | Research | Feudal Age |
| 10:29 | Build | Palisade Wall |
| 10:33 | Build | Palisade Wall |
| 10:43 | Create | Villager (Male) |
| 12:02 | Build | Palisade Wall |
| 12:08 | Build | Palisade Wall |
| 12:31 | Age | Feudal Age |
| 12:39 | Build | Market |
| 12:43 | Create | Villager (Male) |
| 12:52 | Build | Blacksmith |
| 12:58 | Create | Villager (Male) |
| 13:15 | Build | Stone Wall |
| 13:27 | Create | Villager (Male) |
| 13:33 | Build | Lumber Camp |
| 13:41 | Research | Castle Age |
| 14:12 | Research | Double-Bit Axe |
| 14:35 | Create | Villager (Male) |
| 14:47 | Research | Horse Collar |
| 15:02 | Build | Stone Wall |
| 16:08 | Build | Stone Wall |
| 16:26 | Age | Castle Age |
| 16:29 | Build | Town Center |
| 16:30 | Create | Villager (Male) |
| 16:42 | Build | Monastery |
| 16:48 | Build | Town Center |
| 16:53 | Research | Bow Saw |
| 16:56 | Create | Villager (Male) |
| 17:18 | Build | House |
| 17:20 | Build | House |
| 17:21 | Build | House |
| 17:22 | Build | House |
| 17:25 | Create | Villager (Male) |
| 17:25 | Create | Villager (Male) |
| 17:30 | Create | Villager (Male) |
| 17:39 | Research | Heavy Plow |
| 17:46 | Build | Farm |
| 17:48 | Build | Farm |
| 17:58 | Build | Farm |
| 18:03 | Create | Villager (Male) |
| 18:06 | Create | Monk |
| 18:12 | Build | Farm |
| 18:20 | Build | Farm |
| 18:25 | Create | Villager (Male) |
| 18:35 | Build | Stone Wall |
| 19:13 | Build | Farm |
| 19:16 | Build | Farm |
| 19:17 | Build | Farm |
| 19:23 | Build | Farm |
| 19:26 | Create | Villager (Male) |
| 19:27 | Create | Villager (Male) |
| 19:28 | Create | Villager (Male) |
| 19:36 | Build | Town Center |
| 19:54 | Build | Farm |
| 19:57 | Build | Farm |
| 20:01 | Build | Farm |
| 20:03 | Build | Farm |
| 20:07 | Build | Stone Wall |
| 20:17 | Build | University |
| 20:19 | Build | House |
| 20:26 | Build | House |
| 20:27 | Build | House |
| 20:29 | Create | Villager (Male) |
| 20:32 | Build | Farm |
| 20:41 | Build | Farm |
| 20:45 | Build | Farm |
| 21:06 | Create | Monk |
| 21:09 | Create | Villager (Male) |
| 21:10 | Create | Villager (Male) |
| 21:13 | Build | Farm |
| 21:16 | Build | Stone Wall |
| 21:18 | Create | Villager (Male) |
| 21:23 | Build | Farm |
| 21:25 | Build | Farm |
| 21:28 | Build | Farm |
| 21:35 | Create | Villager (Male) |
| 21:36 | Create | Villager (Male) |
| 21:38 | Create | Villager (Male) |
| 21:56 | Build | Farm |
| 21:57 | Build | Farm |
| 21:59 | Build | Farm |
| 22:14 | Research | Fortified Wall (upgrade) |
| 22:14 | Research | Treadmill Crane |
| 22:32 | Create | Villager (Male) |
| 22:33 | Create | Villager (Male) |
| 22:36 | Build | Farm |
| 22:38 | Build | Farm |
| 22:39 | Build | Farm |
| 22:41 | Create | Villager (Male) |
| 22:45 | Create | Villager (Male) |
| 22:54 | Create | Villager (Male) |
| 23:03 | Create | Villager (Male) |
| 23:15 | Build | Stone Wall |
| 23:19 | Build | Stone Wall |
| 23:29 | Create | Monk |
| 23:34 | Create | Villager (Male) |
| 23:36 | Research | Wheelbarrow |
| 23:47 | Build | Stone Wall |
| 23:49 | Build | Stone Wall |
| 23:54 | Research | Town Watch |
| 23:55 | Create | Villager (Male) |
| 23:55 | Create | Villager (Male) |
| 24:03 | Build | Lumber Camp |
| 24:06 | Create | Villager (Male) |
| 24:08 | Create | Villager (Male) |
| 24:09 | Create | Villager (Male) |
| 24:11 | Build | Farm |
Build order —
First 150 of 1494 actions detected
| 0:00 | Build | House |
| 0:02 | Build | House |
| 0:47 | Build | Mill |
| 2:30 | Build | Lumber Camp |
| 4:15 | Build | Lumber Camp |
| 5:12 | Build | Mill |
| 5:52 | Research | Tech None |
| 6:42 | Build | Mining Camp |
| 7:02 | Build | Farm |
| 7:04 | Build | Farm |
| 7:27 | Build | Farm |
| 8:27 | Research | Tech None |
| 8:27 | Build | Barracks |
| 9:58 | Build | Farm |
| 10:30 | Build | Farm |
| 10:39 | Build | Farm |
| 10:51 | Build | Stable |
| 10:52 | Research | Tech None |
| 10:52 | Build | Blacksmith |
| 10:54 | Research | Tech None |
| 11:21 | Build | Farm |
| 11:28 | Build | Farm |
| 12:07 | Research | Tech None |
| 12:07 | Build | Farm |
| 12:14 | Build | Farm |
| 12:28 | Build | Farm |
| 12:32 | Research | Tech None |
| 12:34 | Research | Tech None |
| 12:34 | Build | Farm |
| 13:38 | Build | Market |
| 15:12 | Research | Tech None |
| 15:12 | Build | Town Center |
| 15:13 | Research | Tech None |
| 15:13 | Build | Town Center |
| 15:14 | Research | Tech None |
| 15:45 | Build | Stable |
| 16:16 | Build | Monastery |
| 16:59 | Research | Tech None |
| 17:08 | Build | Farm |
| 17:17 | Build | Farm |
| 17:29 | Build | Farm |
| 17:47 | Build | Farm |
| 17:52 | Build | Farm |
| 18:07 | Build | Farm |
| 18:10 | Research | Tech None |
| 18:18 | Build | Farm |
| 18:27 | Build | Farm |
| 18:33 | Build | Farm |
| 18:41 | Build | Farm |
| 18:56 | Build | Farm |
| 19:07 | Build | Farm |
| 19:18 | Build | Farm |
| 19:28 | Build | Farm |
| 19:37 | Build | Farm |
| 19:40 | Build | Farm |
| 19:53 | Research | Tech None |
| 19:57 | Build | Farm |
| 20:02 | Build | Farm |
| 20:08 | Build | Farm |
| 20:23 | Build | Farm |
| 20:38 | Build | Lumber Camp |
| 20:41 | Build | Farm |
| 20:56 | Build | Farm |
| 21:08 | Build | University |
| 21:12 | Research | Tech None |
| 21:17 | Build | Farm |
| 21:34 | Build | Farm |
| 22:01 | Build | Town Center |
| 22:30 | Research | Tech None |
| 22:32 | Build | Farm |
| 22:39 | Build | Farm |
| 22:41 | Build | Farm |
| 22:45 | Build | Farm |
| 22:48 | Build | Farm |
| 22:56 | Research | Tech None |
| 22:57 | Build | House |
| 22:58 | Build | House |
| 23:09 | Build | Farm |
| 23:11 | Build | Farm |
| 23:21 | Build | Lumber Camp |
| 23:30 | Build | Farm |
| 23:37 | Build | Farm |
| 23:44 | Build | Mining Camp |
| 23:52 | Build | Farm |
| 24:00 | Build | Farm |
| 24:06 | Build | Farm |
| 24:19 | Build | Farm |
| 24:24 | Build | Mining Camp |
| 24:33 | Build | Farm |
| 24:36 | Build | Farm |
| 24:41 | Build | Mining Camp |
| 24:46 | Build | Mining Camp |
| 24:49 | Build | Mining Camp |
| 24:53 | Build | Mining Camp |
| 24:56 | Research | Tech None |
| 25:08 | Research | Tech None |
| 25:20 | Build | Stable |
| 25:30 | Build | Stable |
| 25:32 | Research | Tech None |
| 25:42 | Build | Stable |
| 25:51 | Build | Stable |
| 26:11 | Build | Stable |
| 26:20 | Build | Market |
| 26:21 | Research | Tech None |
| 26:27 | Build | Siege Workshop |
| 26:27 | Build | Market |
| 26:55 | Build | Siege Workshop |
| 26:59 | Build | Castle |
| 26:59 | Build | Mining Camp |
| 27:13 | Build | Market |
| 27:19 | Research | Tech None |
| 27:22 | Build | Lumber Camp |
| 27:39 | Build | Stable |
| 27:55 | Build | Farm |
| 27:56 | Build | Farm |
| 27:56 | Build | Farm |
| 27:57 | Build | Farm |
| 28:13 | Build | Archery Range |
| 28:14 | Build | Castle |
| 28:20 | Research | Tech None |
| 28:22 | Build | Market |
| 28:25 | Build | Barracks |
| 28:30 | Research | Tech None |
| 28:32 | Build | Farm |
| 28:40 | Build | Barracks |
| 28:49 | Build | Farm |
| 28:53 | Build | Barracks |
| 28:55 | Research | Tech None |
| 29:06 | Build | Barracks |
| 29:14 | Build | Archery Range |
| 29:17 | Research | Tech None |
| 29:20 | Research | Tech None |
| 29:22 | Build | Archery Range |
| 29:23 | Build | Farm |
| 29:34 | Build | Archery Range |
| 29:36 | Research | Tech None |
| 29:38 | Build | Farm |
| 29:47 | Build | Archery Range |
| 29:57 | Create | Scout Cavalry |
| 29:57 | Build | Archery Range |
| 29:58 | Create | Scout Cavalry |
| 30:00 | Build | Farm |
| 30:00 | Create | Scout Cavalry |
| 30:00 | Build | Farm |
| 30:01 | Build | Farm |
| 30:03 | Create | Scout Cavalry |
| 30:06 | Build | Farm |
| 30:11 | Create | Scout Cavalry |
| 30:11 | Build | Market |
| 30:17 | Research | Tech None |
Build order —
First 150 of 1657 actions detected
| 0:00 | Build | House |
| 0:02 | Build | House |
| 1:42 | Build | Lumber Camp |
| 3:44 | Build | Mill |
| 3:46 | Build | Lumber Camp |
| 5:52 | Research | Tech None |
| 6:38 | Research | Tech None |
| 6:38 | Build | Barracks |
| 8:11 | Build | Farm |
| 8:33 | Build | Farm |
| 8:41 | Build | Farm |
| 9:11 | Build | Stable |
| 9:12 | Research | Tech None |
| 9:12 | Research | Tech None |
| 9:13 | Build | Mining Camp |
| 9:43 | Build | Archery Range |
| 10:32 | Build | Farm |
| 10:32 | Research | Tech None |
| 11:21 | Build | Archery Range |
| 11:45 | Build | Blacksmith |
| 11:50 | Build | Farm |
| 12:22 | Research | Tech None |
| 12:36 | Build | Farm |
| 12:41 | Build | Farm |
| 12:56 | Research | Tech None |
| 13:07 | Build | Farm |
| 13:15 | Build | Farm |
| 13:32 | Build | Farm |
| 13:38 | Build | Farm |
| 14:03 | Research | Tech None |
| 14:30 | Build | Lumber Camp |
| 14:46 | Build | Farm |
| 15:44 | Research | Tech None |
| 15:51 | Research | Tech None |
| 15:55 | Build | Archery Range |
| 16:27 | Build | Archery Range |
| 17:26 | Build | Archery Range |
| 18:25 | Research | Tech None |
| 18:26 | Research | Tech None |
| 18:26 | Research | Tech None |
| 18:26 | Research | Tech None |
| 18:26 | Build | Town Center |
| 18:38 | Build | Siege Workshop |
| 19:07 | Research | Tech None |
| 19:53 | Build | Town Center |
| 20:12 | Build | Town Center |
| 20:43 | Research | Tech None |
| 20:58 | Build | Farm |
| 21:04 | Build | Farm |
| 21:11 | Build | Farm |
| 21:14 | Build | Farm |
| 21:23 | Build | Farm |
| 21:29 | Build | Farm |
| 21:38 | Build | Farm |
| 21:46 | Build | Lumber Camp |
| 21:53 | Build | Farm |
| 22:13 | Build | Farm |
| 22:22 | Build | Farm |
| 22:33 | Build | Lumber Camp |
| 22:38 | Build | Farm |
| 22:45 | Build | Farm |
| 22:58 | Research | Tech None |
| 23:03 | Build | Farm |
| 23:05 | Build | Farm |
| 23:23 | Build | Monastery |
| 23:25 | Build | Farm |
| 23:31 | Build | Farm |
| 23:34 | Build | Farm |
| 23:46 | Build | Farm |
| 23:51 | Build | Farm |
| 23:55 | Research | Tech None |
| 23:58 | Build | Mining Camp |
| 23:58 | Build | Farm |
| 24:04 | Build | Farm |
| 24:15 | Build | Farm |
| 24:19 | Build | Farm |
| 24:21 | Build | Farm |
| 24:24 | Build | Farm |
| 24:32 | Build | Farm |
| 24:41 | Research | Tech None |
| 24:46 | Build | House |
| 24:48 | Build | Farm |
| 24:50 | Build | House |
| 24:52 | Build | Farm |
| 24:56 | Build | Farm |
| 25:33 | Research | Tech None |
| 25:34 | Build | Farm |
| 25:36 | Build | Farm |
| 25:53 | Build | Farm |
| 26:01 | Build | Farm |
| 26:15 | Research | Tech None |
| 26:18 | Build | Farm |
| 26:33 | Build | Farm |
| 26:35 | Build | Farm |
| 26:40 | Build | Lumber Camp |
| 26:50 | Create | Cavalry Archer |
| 26:52 | Create | Cavalry Archer |
| 26:55 | Create | Cavalry Archer |
| 26:56 | Research | Tech None |
| 27:03 | Build | Mill |
| 27:20 | Research | Tech None |
| 27:25 | Build | University |
| 27:41 | Research | Tech None |
| 27:42 | Build | Market |
| 27:50 | Build | Farm |
| 27:53 | Build | Farm |
| 27:57 | Build | Mill |
| 27:59 | Build | Farm |
| 28:09 | Create | Battering Ram |
| 28:33 | Build | Farm |
| 28:45 | Build | Castle |
| 28:46 | Build | Mining Camp |
| 28:59 | Build | Market |
| 29:14 | Create | Battering Ram |
| 29:29 | Research | Tech None |
| 30:06 | Research | Tech None |
| 30:06 | Research | Tech None |
| 30:11 | Build | Barracks |
| 30:13 | Build | Castle |
| 30:15 | Build | Mining Camp |
| 30:18 | Build | Market |
| 30:20 | Build | Barracks |
| 30:34 | Build | Barracks |
| 30:41 | Build | Lumber Camp |
| 30:43 | Research | Tech None |
| 30:44 | Build | Farm |
| 30:49 | Build | Barracks |
| 30:55 | Build | Farm |
| 30:57 | Research | Tech None |
| 31:00 | Build | Barracks |
| 31:08 | Build | Stable |
| 31:19 | Build | Farm |
| 31:23 | Build | Stable |
| 31:32 | Research | Tech None |
| 31:32 | Build | Stable |
| 31:38 | Build | Stable |
| 31:41 | Build | Farm |
| 31:52 | Build | Stable |
| 32:03 | Build | Siege Workshop |
| 32:07 | Build | Lumber Camp |
| 32:09 | Build | Archery Range |
| 32:19 | Build | Market |
| 32:32 | Research | Tech None |
| 32:42 | Build | Siege Workshop |
| 32:47 | Build | Siege Workshop |
| 32:51 | Build | Siege Workshop |
| 33:03 | Research | Tech None |
| 33:07 | Build | Siege Workshop |
| 33:19 | Research | Tech None |
| 33:21 | Research | Tech None |
Build order —
First 150 of 1949 actions detected
| 0:00 | Build | House |
| 0:02 | Build | House |
| 1:42 | Build | Lumber Camp |
| 3:57 | Build | Mill |
| 3:58 | Build | Lumber Camp |
| 5:51 | Research | Tech None |
| 6:36 | Research | Tech None |
| 6:36 | Build | Mining Camp |
| 6:52 | Build | Barracks |
| 9:11 | Build | Archery Range |
| 9:12 | Research | Tech None |
| 9:13 | Build | Archery Range |
| 9:18 | Build | Farm |
| 9:29 | Build | Farm |
| 10:27 | Build | Farm |
| 10:47 | Build | Farm |
| 11:35 | Build | Blacksmith |
| 12:07 | Research | Tech None |
| 12:12 | Research | Tech None |
| 12:21 | Build | Farm |
| 12:26 | Build | Farm |
| 12:44 | Build | Farm |
| 13:06 | Build | Farm |
| 13:13 | Build | Farm |
| 13:30 | Build | Farm |
| 13:51 | Build | Lumber Camp |
| 14:03 | Research | Tech None |
| 14:39 | Research | Tech None |
| 14:51 | Research | Tech None |
| 15:23 | Build | Archery Range |
| 15:47 | Build | Archery Range |
| 16:45 | Research | Tech None |
| 16:45 | Research | Tech None |
| 16:59 | Build | Town Center |
| 17:19 | Research | Tech None |
| 17:33 | Build | Farm |
| 18:00 | Research | Tech None |
| 18:00 | Build | Town Center |
| 18:05 | Build | Siege Workshop |
| 18:36 | Build | Farm |
| 18:51 | Build | Town Center |
| 19:04 | Build | Town Center |
| 19:25 | Build | Town Center |
| 19:36 | Build | Town Center |
| 19:48 | Build | Farm |
| 19:53 | Build | Farm |
| 19:54 | Build | Farm |
| 19:57 | Build | Farm |
| 20:06 | Build | Farm |
| 20:17 | Build | Farm |
| 20:54 | Build | Farm |
| 21:09 | Build | Lumber Camp |
| 21:12 | Build | Farm |
| 21:19 | Build | Monastery |
| 21:30 | Build | Farm |
| 21:45 | Build | Farm |
| 21:52 | Build | University |
| 22:15 | Build | Farm |
| 22:21 | Research | Tech None |
| 22:31 | Build | Farm |
| 22:33 | Build | Farm |
| 22:39 | Research | Tech None |
| 22:49 | Build | Farm |
| 23:01 | Build | Farm |
| 23:03 | Build | Farm |
| 23:41 | Research | Tech None |
| 23:43 | Build | Farm |
| 23:48 | Build | Farm |
| 23:59 | Build | Farm |
| 24:08 | Build | Farm |
| 24:14 | Build | Farm |
| 24:19 | Build | Farm |
| 24:21 | Build | House |
| 24:22 | Build | House |
| 24:24 | Build | Mining Camp |
| 24:42 | Build | Farm |
| 24:55 | Build | Farm |
| 24:58 | Build | Farm |
| 25:03 | Build | Mining Camp |
| 25:04 | Research | Tech None |
| 25:05 | Research | Tech None |
| 25:05 | Research | Tech None |
| 25:20 | Build | Market |
| 25:30 | Research | Tech None |
| 25:38 | Research | Tech None |
| 25:38 | Research | Tech None |
| 25:42 | Build | Lumber Camp |
| 25:45 | Build | Mill |
| 26:11 | Research | Tech None |
| 26:29 | Build | Barracks |
| 26:37 | Build | Barracks |
| 26:40 | Build | Barracks |
| 26:50 | Build | Barracks |
| 27:03 | Research | Tech None |
| 27:11 | Build | Barracks |
| 27:27 | Build | Castle |
| 27:28 | Build | Mining Camp |
| 27:33 | Build | Market |
| 27:51 | Build | Barracks |
| 28:01 | Build | Barracks |
| 28:13 | Build | Siege Workshop |
| 28:15 | Research | Tech None |
| 28:15 | Research | Tech None |
| 28:15 | Research | Tech None |
| 28:22 | Build | Stable |
| 28:33 | Build | Stable |
| 28:41 | Build | Stable |
| 28:44 | Research | Tech None |
| 28:54 | Build | Stable |
| 28:55 | Build | Castle |
| 28:58 | Build | Market |
| 29:10 | Build | Stable |
| 29:18 | Build | Stable |
| 29:22 | Research | Tech None |
| 29:32 | Build | Stable |
| 29:36 | Build | Stable |
| 29:39 | Build | Stable |
| 29:45 | Build | Lumber Camp |
| 29:58 | Build | Archery Range |
| 30:06 | Build | Market |
| 30:15 | Build | Siege Workshop |
| 30:20 | Build | Siege Workshop |
| 30:33 | Build | Siege Workshop |
| 30:40 | Build | Siege Workshop |
| 30:46 | Build | Farm |
| 30:53 | Research | Tech None |
| 30:54 | Create | Arambai |
| 30:55 | Build | Farm |
| 31:11 | Build | Farm |
| 31:22 | Create | Scout Cavalry |
| 31:23 | Create | Militia |
| 31:27 | Build | Farm |
| 31:28 | Create | Militia |
| 31:30 | Create | Militia |
| 31:32 | Build | Farm |
| 31:38 | Create | Scout Cavalry |
| 31:40 | Research | Tech None |
| 31:42 | Create | Arambai |
| 31:42 | Create | Militia |
| 31:47 | Create | Scout Cavalry |
| 31:49 | Create | Militia |
| 31:51 | Create | Militia |
| 31:57 | Create | Arambai |
| 32:02 | Build | Farm |
| 32:03 | Build | Farm |
| 32:08 | Create | Arambai |
| 32:08 | Create | Militia |
| 32:08 | Build | Town Center |
| 32:10 | Build | Farm |
| 32:13 | Research | Tech None |
Build order —
First 150 of 1293 actions detected
| 0:00 | Build | House |
| 0:02 | Build | House |
| 1:42 | Build | Lumber Camp |
| 3:58 | Build | Mill |
| 3:59 | Build | Lumber Camp |
| 5:51 | Research | Tech None |
| 6:42 | Build | Mining Camp |
| 7:38 | Build | Farm |
| 7:39 | Build | Farm |
| 7:39 | Build | Farm |
| 7:42 | Build | Farm |
| 7:43 | Build | Farm |
| 8:00 | Build | Farm |
| 8:23 | Build | Farm |
| 8:43 | Build | Farm |
| 9:01 | Research | Tech None |
| 9:43 | Build | Lumber Camp |
| 10:20 | Build | Lumber Camp |
| 10:51 | Build | Lumber Camp |
| 11:16 | Build | Market |
| 12:15 | Build | Blacksmith |
| 12:28 | Research | Tech None |
| 12:45 | Research | Tech None |
| 12:58 | Research | Tech None |
| 13:51 | Build | Farm |
| 14:02 | Build | Farm |
| 14:48 | Research | Tech None |
| 15:38 | Research | Tech None |
| 15:38 | Build | Town Center |
| 15:39 | Research | Tech None |
| 15:39 | Build | Town Center |
| 16:07 | Research | Tech None |
| 16:19 | Build | Farm |
| 17:03 | Build | Monastery |
| 17:19 | Build | Farm |
| 17:24 | Build | Farm |
| 17:35 | Build | Farm |
| 17:56 | Build | Farm |
| 18:09 | Build | Farm |
| 18:13 | Build | Farm |
| 18:22 | Build | Farm |
| 18:39 | Build | Farm |
| 18:45 | Build | Farm |
| 18:47 | Build | Farm |
| 18:49 | Build | Farm |
| 18:57 | Build | Farm |
| 19:03 | Build | Castle |
| 19:04 | Build | Farm |
| 19:17 | Build | Farm |
| 19:20 | Build | Farm |
| 19:32 | Build | Farm |
| 19:47 | Build | Farm |
| 19:52 | Build | Farm |
| 19:57 | Build | Farm |
| 20:04 | Build | Farm |
| 20:33 | Build | Farm |
| 20:37 | Build | Farm |
| 20:45 | Research | Tech None |
| 20:51 | Build | Farm |
| 21:17 | Build | Town Center |
| 21:25 | Build | Town Center |
| 21:30 | Build | Town Center |
| 21:46 | Build | Farm |
| 21:48 | Build | Farm |
| 21:54 | Build | Farm |
| 21:59 | Build | Farm |
| 22:04 | Build | Lumber Camp |
| 22:16 | Build | Farm |
| 22:25 | Build | Barracks |
| 22:33 | Build | Farm |
| 22:38 | Build | Barracks |
| 22:44 | Build | Barracks |
| 22:44 | Research | Tech None |
| 22:45 | Build | Farm |
| 22:52 | Build | Barracks |
| 22:58 | Build | Barracks |
| 23:03 | Build | Farm |
| 23:10 | Build | Farm |
| 23:27 | Build | Farm |
| 23:35 | Build | Farm |
| 23:52 | Build | Farm |
| 23:58 | Build | Archery Range |
| 24:00 | Build | Farm |
| 24:10 | Build | Mill |
| 24:14 | Research | Tech None |
| 24:21 | Research | Tech None |
| 24:27 | Build | Market |
| 24:44 | Build | Stable |
| 24:47 | Research | Tech None |
| 25:02 | Build | University |
| 25:04 | Build | University |
| 25:17 | Build | Barracks |
| 25:23 | Build | Barracks |
| 25:24 | Build | Market |
| 25:46 | Build | Barracks |
| 26:05 | Build | Lumber Camp |
| 26:09 | Build | Barracks |
| 26:13 | Build | Castle |
| 26:14 | Build | Mining Camp |
| 26:22 | Build | Market |
| 26:22 | Build | Barracks |
| 26:26 | Build | Barracks |
| 26:34 | Build | Barracks |
| 26:40 | Build | Barracks |
| 26:44 | Research | Tech None |
| 26:57 | Build | Barracks |
| 27:01 | Build | Stable |
| 27:07 | Create | Scout Cavalry |
| 27:07 | Build | House |
| 27:07 | Build | House |
| 27:13 | Build | Stable |
| 27:17 | Research | Tech None |
| 27:17 | Create | Organ Gun |
| 27:25 | Create | Organ Gun |
| 27:30 | Build | Feitoria |
| 27:31 | Build | Mining Camp |
| 27:41 | Build | Market |
| 27:44 | Build | Siege Workshop |
| 27:44 | Build | Market |
| 27:46 | Research | Tech None |
| 27:53 | Build | Archery Range |
| 27:56 | Research | Tech None |
| 27:56 | Build | Siege Workshop |
| 27:56 | Build | Market |
| 28:02 | Build | Siege Workshop |
| 28:03 | Research | Tech None |
| 28:20 | Build | Archery Range |
| 28:24 | Build | Archery Range |
| 28:31 | Build | Archery Range |
| 28:32 | Create | Organ Gun |
| 28:35 | Build | Lumber Camp |
| 28:36 | Build | Archery Range |
| 28:39 | Build | Archery Range |
| 28:46 | Create | Battering Ram |
| 28:49 | Create | Organ Gun |
| 28:52 | Research | Tech None |
| 29:13 | Research | Tech None |
| 29:19 | Create | Organ Gun |
| 29:26 | Create | Organ Gun |
| 29:35 | Research | Tech None |
| 29:50 | Create | Organ Gun |
| 29:53 | Create | Battering Ram |
| 29:55 | Build | Market |
| 29:55 | Build | Castle |
| 30:02 | Create | Organ Gun |
| 30:05 | Research | Tech None |
| 30:05 | Create | Battering Ram |
| 30:05 | Build | Archery Range |
| 30:08 | Build | Archery Range |
| 30:18 | Build | Archery Range |
Match timeline
| 1:32 | Bad_Bull_Dad · wall_segment Palisade Wall x15 |
| 1:47 | 轻型投石车 · wall_segment Palisade Wall x13 |
| 2:54 | Dracarys_ · wall_segment Palisade Wall x13 |
| 2:55 | Dracarys_ · wall_segment Palisade Wall x5 |
| 3:17 | Dracarys · wall_segment Palisade Wall x9 |
| 3:19 | Dracarys · wall_segment Palisade Wall x8 |
| 3:20 | Dracarys · wall_segment Palisade Wall x12 |
| 4:58 | 轻型投石车 · wall_segment Palisade Wall x10 |
| 5:02 | 轻型投石车 · wall_segment Palisade Wall x13 |
| 5:05 | 轻型投石车 · wall_segment Palisade Wall x10 |
| 5:51 | Bad_Bull_Dad · wall_segment Palisade Wall x18 |
| 6:38 | · first_building Barracks |
| 6:40 | Dracarys_ · wall_segment Palisade Wall x9 |
| 6:42 | Dracarys_ · wall_segment Palisade Wall x8 |
| 6:44 | Dracarys_ · wall_segment Palisade Wall x1 |
| 6:52 | · first_building Barracks |
| 7:08 | Bad_Bull_Dad · wall_segment Palisade Wall x1 |
| 8:16 | 轻型投石车 · wall_segment Palisade Wall x13 |
| 8:27 | · first_building Barracks |
| 8:29 | Bad_Bull_Dad · wall_segment Palisade Wall x20 |
| 8:31 | Bad_Bull_Dad · wall_segment Palisade Wall x1 |
| 8:36 | Dracarys_ · wall_segment Palisade Wall x9 |
| 8:38 | Dracarys_ · wall_segment Palisade Wall x9 |
| 9:11 | · first_building Archery Range |
| 9:11 | · first_building Stable |
| 9:38 | 轻型投石车 · wall_segment Palisade Wall x13 |
| 9:43 | · first_building Archery Range |
| 10:29 | Dracarys_ · wall_segment Palisade Wall x9 |
| 10:31 | 轻型投石车 · age_up feudal |
| 10:33 | Dracarys_ · wall_segment Palisade Wall x7 |
| 10:47 | Bad_Bull_Dad · wall_segment Palisade Wall x18 |
| 10:49 | Bad_Bull_Dad · wall_segment Palisade Wall x2 |
| 10:49 | Bad_Bull_Dad · wall_segment Palisade Wall x1 |
| 10:51 | · first_building Stable |
| 10:54 | 轻型投石车 · wall_segment Stone Wall x10 |
| 11:53 | Bad_Bull_Dad · age_up feudal |
| 12:02 | Dracarys_ · wall_segment Palisade Wall x10 |
| 12:08 | Dracarys_ · wall_segment Palisade Wall x9 |
| 12:11 | Bad_Bull_Dad · wall_segment Stone Wall x27 |
| 12:12 | Dracarys · age_up feudal |
| 12:28 | 轻型投石车 · wall_segment Stone Wall x13 |
| 12:31 | Dracarys_ · age_up feudal |
| 12:34 | Dracarys · wall_segment Stone Wall x8 |
| 12:37 | Dracarys · wall_segment Stone Wall x7 |
| 12:39 | Dracarys · wall_segment Stone Wall x7 |
| 12:40 | Dracarys · wall_segment Stone Wall x9 |
| 13:07 | · first_market_buy 100 stone |
| 13:15 | Dracarys_ · wall_segment Stone Wall x13 |
| 13:27 | · first_market_sell 100 food |
| 13:38 | Dracarys_ · first_market_sell 100 wood |
| 13:51 | 轻型投石车 · wall_segment Stone Wall x10 |
| 14:46 | Dracarys · wall_segment Stone Wall x9 |
| 14:48 | Dracarys · wall_segment Stone Wall x7 |
| 14:50 | Dracarys · wall_segment Stone Wall x8 |
| 14:59 | Bad_Bull_Dad · wall_segment Stone Wall x1 |
| 15:02 | Dracarys_ · wall_segment Stone Wall x12 |
| 15:07 | Bad_Bull_Dad · wall_segment Stone Wall x15 |
| 15:12 | · first_market_sell 100 food |
| 15:14 | Bad_Bull_Dad · wall_segment Stone Wall x7 |
| 15:26 | 轻型投石车 · wall_segment Stone Wall x10 |
| 16:07 | Dracarys · age_up castle |
| 16:08 | Dracarys_ · wall_segment Stone Wall x14 |
| 16:16 | · first_building Monastery |
| 16:26 | Dracarys_ · age_up castle |
| 16:32 | 轻型投石车 · age_up castle |
| 16:42 | Dracarys_ · first_building Monastery |
| 16:43 | Bad_Bull_Dad · wall_segment Stone Wall x17 |
| 17:03 | · first_building Monastery |
| 17:07 | 轻型投石车 · wall_segment Stone Wall x9 |
| 18:05 | · first_building Siege Workshop |
| 18:07 | Dracarys · wall_segment Stone Wall x6 |
| 18:09 | Dracarys · wall_segment Stone Wall x3 |
| 18:11 | Dracarys · wall_segment Stone Wall x9 |
| 18:12 | Dracarys · wall_segment Stone Wall x7 |
| 18:35 | Dracarys_ · wall_segment Stone Wall x11 |
| 18:38 | · first_building Siege Workshop |
| 18:47 | 轻型投石车 · wall_segment Stone Wall x12 |
| 18:59 | Bad_Bull_Dad · wall_segment Stone Wall x14 |
| 19:03 | · first_building Castle |
| 20:07 | Dracarys_ · wall_segment Stone Wall x9 |
| 20:08 | 轻型投石车 · wall_segment Stone Wall x11 |
| 20:56 | Bad_Bull_Dad · wall_segment Stone Wall x15 |
| 21:10 | Dracarys · first_building Siege Workshop |
| 21:16 | Dracarys_ · wall_segment Stone Wall x11 |
| 21:19 | · first_building Monastery |
| 21:25 | Dracarys · wall_segment Stone Wall x8 |
| 21:26 | Bad_Bull_Dad · age_up castle |
| 21:35 | 轻型投石车 · wall_segment Stone Wall x11 |
| 22:25 | · first_building Barracks |
| 22:43 | 轻型投石车 · wall_segment Stone Wall x13 |
| 23:00 | Dracarys · wall_segment Stone Wall x9 |
| 23:03 | Dracarys · wall_segment Stone Wall x7 |
| 23:04 | Dracarys · wall_segment Stone Wall x3 |
| 23:15 | Dracarys_ · wall_segment Stone Wall x2 |
| 23:19 | Dracarys_ · wall_segment Stone Wall x5 |
| 23:23 | · first_building Monastery |
| 23:43 | 轻型投石车 · wall_segment Stone Wall x14 |
| 23:47 | Dracarys_ · wall_segment Stone Wall x2 |
| 23:49 | Dracarys_ · wall_segment Stone Wall x1 |
| 23:58 | · first_building Archery Range |
| 23:59 | Bad_Bull_Dad · wall_segment Stone Wall x18 |
| 24:21 | Bad_Bull_Dad · wall_segment Stone Wall x1 |
| 24:34 | 轻型投石车 · wall_segment Stone Wall x15 |
| 24:44 | · first_building Stable |
| 25:02 | Dracarys · wall_segment Stone Wall x1 |
| 25:03 | Dracarys_ · wall_segment Stone Wall x1 |
| 25:03 | Dracarys · wall_segment Stone Wall x8 |
| 25:04 | Dracarys_ · wall_segment Stone Wall x3 |
| 25:05 | Dracarys · wall_segment Stone Wall x7 |
| 25:06 | Dracarys_ · wall_segment Stone Wall x11 |
| 25:08 | Dracarys_ · wall_segment Stone Wall x11 |
| 25:10 | Dracarys_ · wall_segment Stone Wall x14 |
| 25:12 | Dracarys_ · wall_segment Stone Wall x11 |
| 25:13 | Dracarys_ · wall_segment Stone Wall x12 |
| 25:15 | Dracarys_ · wall_segment Stone Wall x12 |
| 25:16 | Dracarys_ · wall_segment Stone Wall x12 |
| 25:44 | 轻型投石车 · wall_segment Stone Wall x15 |
| 25:46 | Bad_Bull_Dad · wall_segment Stone Wall x17 |
| 25:54 | 轻型投石车 · first_building Siege Workshop |
| 26:27 | · first_building Siege Workshop |
| 26:59 | · first_building Castle |
| 27:06 | 轻型投石车 · wall_segment Stone Wall x13 |
| 27:17 | Dracarys_ · first_building Barracks |
| 27:23 | Bad_Bull_Dad · wall_segment Stone Wall x1 |
| 27:27 | · first_building Castle |
| 27:30 | Bad_Bull_Dad · wall_segment Stone Wall x11 |
| 27:44 | · first_building Siege Workshop |
| 27:54 | Dracarys · wall_segment Stone Wall x7 |
| 27:56 | Dracarys · wall_segment Stone Wall x9 |
| 27:58 | Dracarys · wall_segment Stone Wall x2 |
| 27:59 | Dracarys · wall_segment Stone Wall x9 |
| 28:01 | Dracarys · wall_segment Stone Wall x7 |
| 28:12 | 轻型投石车 · wall_segment Stone Wall x15 |
| 28:13 | · first_building Archery Range |
| 28:22 | · first_building Stable |
| 28:27 | Bad_Bull_Dad · wall_segment Stone Wall x5 |
| 28:38 | Bad_Bull_Dad · wall_segment Stone Wall x8 |
| 28:45 | · first_building Castle |
| 29:36 | 轻型投石车 · wall_segment Stone Wall x15 |
| 29:39 | 轻型投石车 · wall_segment Stone Wall x17 |
| 29:46 | Bad_Bull_Dad · wall_segment Stone Wall x9 |
| 29:54 | Bad_Bull_Dad · wall_segment Stone Wall x7 |
| 30:20 | Bad_Bull_Dad · first_building Castle |
| 30:33 | Dracarys · first_building Castle |
| 30:38 | Dracarys · first_building Barracks |
| 30:48 | 轻型投石车 · wall_segment Stone Wall x18 |
| 30:58 | Bad_Bull_Dad · wall_segment Stone Wall x1 |
| 31:07 | Bad_Bull_Dad · wall_segment Stone Wall x8 |
| 31:10 | 轻型投石车 · age_up imperial |
| 31:25 | Dracarys_ · first_building Castle |
| 31:39 | 轻型投石车 · first_building Castle |
| 31:51 | Bad_Bull_Dad · first_building Monastery |
| 32:11 | 轻型投石车 · wall_segment Stone Wall x16 |
| 32:23 | Dracarys · first_building Stable |
| 32:33 | Bad_Bull_Dad · wall_segment Stone Wall x5 |
| 32:44 | Dracarys_ · wall_segment Stone Wall x9 |
| 32:46 | Dracarys_ · wall_segment Stone Wall x10 |
| 32:47 | Dracarys_ · wall_segment Stone Wall x1 |
| 32:49 | Dracarys_ · wall_segment Stone Wall x8 |
| 32:51 | Dracarys_ · wall_segment Stone Wall x8 |
| 32:52 | Dracarys_ · wall_segment Stone Wall x8 |
| 32:54 | Dracarys_ · wall_segment Stone Wall x10 |
| 32:56 | Dracarys_ · wall_segment Stone Wall x9 |
| 32:58 | Dracarys_ · wall_segment Stone Wall x10 |
| 33:35 | Dracarys_ · age_up imperial |
| 33:55 | Bad_Bull_Dad · wall_segment Stone Wall x5 |
| 33:59 | Dracarys_ · first_building Stable |
| 34:08 | Bad_Bull_Dad · first_building Barracks |
| 34:32 | 轻型投石车 · wall_segment Stone Wall x18 |
| 34:37 | 轻型投石车 · first_building Barracks |
| 34:43 | 轻型投石车 · wall_segment Stone Wall x15 |
| 35:32 | Bad_Bull_Dad · age_up imperial |
| 35:55 | Bad_Bull_Dad · wall_segment Stone Wall x13 |
| 36:19 | Dracarys · age_up imperial |
| 36:26 | 轻型投石车 · first_building Stable |
| 36:58 | · first_market_buy 100 food |
| 37:46 | · first_market_buy 100 food |
| 37:56 | Bad_Bull_Dad · wall_segment Stone Wall x16 |
| 39:26 | Dracarys_ · first_building Siege Workshop |
| 39:39 | Dracarys_ · first_building Archery Range |
| 39:53 | · first_market_sell 100 wood |
| 39:58 | Dracarys_ · wall_segment Stone Wall x12 |
| 40:06 | · first_market_sell 100 wood |
| 40:14 | · first_market_buy 100 food |
| 40:37 | Bad_Bull_Dad · wall_segment Stone Wall x13 |
| 40:51 | Bad_Bull_Dad · first_building Stable |
| 40:57 | Dracarys_ · wall_segment Stone Wall x13 |
| 42:19 | Dracarys_ · wall_segment Stone Wall x14 |
| 49:42 | Bad_Bull_Dad · first_building Siege Workshop |
| 52:03 | Dracarys · first_market_buy 100 stone |
| 52:43 | Bad_Bull_Dad · tribute_sent a jugador 1 |
| 52:43 | Bad_Bull_Dad · tribute_sent a jugador 2 |
| 52:43 | Bad_Bull_Dad · tribute_sent a jugador 4 |
| 52:43 | Bad_Bull_Dad · tribute_sent a jugador 5 |
| 52:43 | Bad_Bull_Dad · tribute_sent a jugador 6 |
| 52:43 | Bad_Bull_Dad · tribute_sent a jugador 7 |
| 52:43 | Bad_Bull_Dad · tribute_sent a jugador 8 |
| 52:48 | 轻型投石车 · tribute_sent a jugador 2 |
| 52:48 | 轻型投石车 · tribute_sent a jugador 3 |
| 52:48 | 轻型投石车 · tribute_sent a jugador 4 |
| 52:48 | 轻型投石车 · tribute_sent a jugador 5 |
| 52:48 | 轻型投石车 · tribute_sent a jugador 6 |
| 52:48 | 轻型投石车 · tribute_sent a jugador 7 |
| 52:48 | 轻型投石车 · tribute_sent a jugador 8 |
| 54:33 | Bad_Bull_Dad · first_market_sell 500 food |
| 55:05 | Bad_Bull_Dad · tribute_sent a jugador 1 |
| 55:05 | Bad_Bull_Dad · tribute_sent a jugador 2 |
| 55:05 | Bad_Bull_Dad · tribute_sent a jugador 4 |
| 55:05 | Bad_Bull_Dad · tribute_sent a jugador 5 |
| 55:05 | Bad_Bull_Dad · tribute_sent a jugador 6 |
| 55:05 | Bad_Bull_Dad · tribute_sent a jugador 7 |
| 55:05 | Bad_Bull_Dad · tribute_sent a jugador 8 |
| 71:10 | · resign |
[ AI ANALYSIS · 1 CREDIT ]
What really happened in this match?
Wolo.gg analyzes every decision: build order, eco, micro, common mistakes by bracket. Personalized analysis on WhatsApp or Discord in 30 seconds.
Civ guide
Teutons
Perfil
Jugador #3207150